 Dungeon Crawl Stone Soup version 0.26-a0-21-gf97e55dc39 (webtiles) character file.

Game seed: 14174547804358529339, levelgen mode: deterministic

9568 Lauz the Summoner (level 11, -5/54 HPs)
             Began as a Deep Elf Summoner on May 26, 2020.
             Was an Elder of Sif Muna.
             Shot with an arrow by a centaur warrior (23 damage)
             ... on level 12 of the Dungeon.
             The game lasted 01:08:27 (16489 turns).

Lauz the Summoner (Deep Elf Summoner)              Turns: 16489, Time: 01:08:28

Health: -5/54      AC:  6    Str:  5    XL:     11   Next: 24%
Magic:  15/30      EV: 16    Int: 24    God:    Sif Muna [****..]
Gold:   817        SH:  0    Dex: 15    Spells: 23/36 levels left

rFire    . . .     SeeInvis +   X - staff of poison
rCold    + . .     Gourm    .   (no shield)
rNeg     . . .     Faith    .   a - +0 robe
rPois    +         Spirit   .   b - +0 hat {MR+}
rElec    .         Reflect  .   n - +0 cloak
rCorr    .         Harm     .   t - +0 pair of gloves
MR       ++...                  p - +1 pair of boots
Stlth    ++........             o - amulet of the acrobat
HPRegen  0.18/turn              F - ring of protection from cold
MPRegen  0.22/turn              V - ring of see invisible

@: very slightly contaminated
A: no striking features
a: Channel Magic, Forget Spell, Divine Exegesis, Renounce Religion


You were on level 12 of the Dungeon.
You worshipped Sif Muna.
Sif Muna was greatly pleased with you.
You were hungry.

You visited 1 branch of the dungeon, and saw 12 of its levels.

You collected 817 gold pieces.

Inventory:

Hand Weapons
 N - a +3 dagger of draining
 T - the +5 hand axe "Arcanum" {antimagic, rElec MR- Dex+3 Stlth+}
   (You found it on level 8 of the Dungeon)

   It reduces the magical energy of the wielder, and disrupts the spells and
   magical abilities of those hit.
   Natural abilities and divine invocations are not affected.
   It affects your dexterity (+3).
   It insulates you from electricity.
   It affects your resistance to hostile enchantments.
   It makes you more stealthy.
Armour
 a - a +0 robe (worn)
 b - a +0 hat of magic resistance (worn)
 j - a scarf of harm
 n - a +0 cloak (worn)
 p - a +1 pair of boots (worn)
 t - a +0 pair of gloves (worn)
 A - a +0 hat
Magical Staves
 S - an uncursed staff of air
 X - an uncursed staff of poison (weapon)
Jewellery
 o - an amulet of the acrobat (around neck)
 C - an uncursed amulet of reflection
 F - a ring of protection from cold (left hand)
 K - the amulet of Vitality {Regen+ HP+15}
   (You found it on level 7 of the Dungeon)

   [amulet of regeneration]

   It affects your health (+15).
   It increases your rate of regeneration.
 V - a ring of see invisible (right hand)
Wands
 L - a wand of flame (12)
 Q - a wand of polymorph (12)
 U - a wand of random effects (18)
Scrolls
 e - 10 scrolls of teleportation
 f - 5 scrolls of amnesia
 g - 3 scrolls of magic mapping
 k - 5 scrolls of remove curse
 l - 11 scrolls of identify
 q - a scroll of noise
 u - a scroll of immolation
 v - 3 scrolls of silence {unknown}
 z - 2 scrolls of fog
 G - a scroll of enchant weapon
 J - a scroll of enchant armour
Potions
 d - 4 potions of curing {unknown}
 h - a potion of mutation {unknown}
 i - 5 potions of heal wounds {unknown}
 m - a potion of haste
 r - 3 potions of ambrosia {unknown}
 s - 2 potions of might {unknown}
 w - 2 potions of magic {unknown}
 B - a potion of brilliance {unknown}
 D - 4 potions of invisibility {unknown}
 E - a potion of cancellation {unknown}
 H - 2 potions of flight {unknown}
 O - 2 potions of resistance {unknown}
 Y - 10 potions of degeneration
 Z - a potion of lignification {unknown}
Comestibles
 c - 40 rations


   Skills:
 - Level 7.0 Dodging
 - Level 2.9 Stealth
 + Level 13.0 Spellcasting
 * Level 14.5 Summonings
 - Level 1.0 Ice Magic


You had 23 spell levels left.
You knew the following spells:

 Your Spells              Type           Power        Failure   Level  Hunger
a - Summon Small Mammal   Summ           ####         0%          1    None
b - Call Imp              Summ           ######..     0%          2    None
c - Call Canine Familiar  Summ           ######..     1%          3    None
d - Summon Guardian Gole  Hex/Summ       ######..     1%          3    None
e - Summon Ice Beast      Ice/Summ       ######..     1%          4    None

Your spell library contained the following spells:

 Spells                   Type           Power        Failure   Level  Hunger
 Summon Lightning Spire   Summ/Air       ######..     1%          4    None
 Confusing Touch          Hex            ###.....     12%         3    None
 Gell's Gravitas          Tloc           ###.......   12%         3    None
 Petrify                  Tmut/Erth      ###.....     36%         4    None
 Metabolic Englaciation   Hex/Ice        ###.......   65%         5    ###....
 Yara's Violent Unravell  Hex/Tmut       ###.......   71%         5    ###....


Dungeon Overview and Level Annotations

Branches:
Dungeon (12/15)            Temple (0/1) D:4            Lair (0/6) D:10
    Orc (0/2) D:10

Altars:
Kikubaaqudgha
Sif Muna
Trog
Vehumet
Yredelemnul

Shops:
D:4 (   D:7 !   D:11 *

Portals:
Trove: D:12 (give +4 ice dragon scales)


Message History

Your ice beast barely misses the centaur warrior.
The centaur warrior shoots an arrow.
The arrow hits your ice beast.
A stone arrow appears from out of your range of vision.
The stone arrow misses your ice beast.
Something hits your ice beast but does no damage.
What are your orders? t - Shout!
Orders for allies: a - Attack new target. p - Attack previous target. r - Retreat! s - Stop attacking. g - Guard the area. f - Follow me.
Anything else - Cancel.
Gang up on whom?
Press: ? - help, Dir - move target cursor, f/p - centaur warrior
Aim: a centaur warrior, quivering 5 arrows (lightly wounded) Attack!
The centaur warrior wields a +0 shortbow.
The centaur warrior shoots an arrow.
The arrow barely misses your ice beast.
The arrow closely misses your ice beast.
The arrow hits you!!
You die...

# ####### #
#.....########
#.............
#............. ######
#.............
#....######..........>..
##.......................
#.......@................
#.....hY######...#+###...
#...(...# #...# #...
#....(..# #...# #...
#.....(Y# ...# ..###'
#......c# ..#.......
#......... ..#####
#..(.....(. #........(c..


You could see a centaur warrior, a friendly warg (summoned) and 2 friendly ice
beasts.

Vanquished Creatures (collateral kills)
  Gastronok (D:11)
  2 hydras (D:11)
  A two-headed ogre (D:10)
  The ghost of UristMcRaven the Destroyer, a journeyman DECj of Vehumet (D:11)
  2 unseen horrors (D:12)
  A deep elf mage (D:12)
  Pikel (D:4)
  An ugly thing (D:11)
  A centaur skeleton (D:11)
  2 gargoyles (D:11)
  A troll (D:8)
  Prince Ribbit (D:5)
  2 dream sheep (D:11)
  2 hippogriffs
  A shadow (D:9)
  20 yaks
  A steam dragon (D:6)
  4 hungry ghosts
  Menkaure (D:5)
  A water moccasin (D:9)
  6 orc warriors
  A swamp drake (D:10)
  3 sky beasts
  2 black bears
  5 ice beasts
  A necrophage (D:8)
  5 phantoms
  8 ogres
  3 centaurs
  5 big kobolds
  7 bullfrogs
  A wyvern zombie (D:12)
  A wyvern skeleton (D:11)
  4 scorpions
  A killer bee (D:11)
  5 wights (D:6)
  A howler monkey (D:9)
  5 crimson imps
  2 bullfrog zombies
  3 centaur zombies
  Crazy Yiuf (D:5)
  5 hounds
  2 jellies
  12 orc wizards
  2 bullfrog skeletons
  9 orc priests
  6 iguanas
  6 worker ants
  A killer bee zombie (D:7)
  2 worker ant zombies (D:10)
  9 gnolls
  12 adders
  2 shadow imps
  An adder zombie (D:10)
  3 adder skeletons
  5 worms
  5 leopard geckos
  53 orcs
  12 giant cockroaches
  5 goblins
  6 hobgoblins
  6 jackals
  8 quokkas
  5 bats
  10 frilled lizards
  A giant cockroach zombie (D:6)
  A jackal skeleton (D:4)
  24 kobolds
  A leopard gecko skeleton (D:4)
  7 rats
338 creatures vanquished.

Notes
Turn   | Place    | Note
-------+----------+-------------------------------------------
     0 | D:1      | Lauz the Deep Elf Summoner began the quest for the Orb.
     0 | D:1      | Reached XP level 1. HP: 10/10 MP: 6/6
   244 | D:1      | Reached XP level 2. HP: 15/15 MP: 5/8
   504 | D:1      | Learned a level 2 spell: Call Imp
   820 | D:1      | Reached skill level 5 in Summonings
  1200 | D:2      | Reached XP level 3. HP: 19/19 MP: 1/10
  2380 | D:3      | Reached XP level 4. HP: 24/24 MP: 8/11
  3626 | D:4      | Found a shimmering blue altar of Sif Muna.
  3637 | D:4      | Became a worshipper of Sif Muna the Loreminder
  4098 | D:4      | Reached skill level 6 in Summonings
  4156 | D:4      | Found a staircase to the Ecumenical Temple.
  4208 | D:4      | Found Ziwy's Weapon Emporium.
  4215 | D:4      | Noticed an ogre
  4250 | D:4      | Killed an ogre
  4250 | D:4      | Reached XP level 5. HP: 28/28 MP: 2/14
  4518 | D:4      | Reached skill level 5 in Spellcasting
  5330 | D:4      | Noticed a phantom
  5341 | D:4      | Killed a phantom
  5341 | D:4      | Reached XP level 6. HP: 32/32 MP: 7/16
  5861 | D:4      | Noticed Pikel
  5861 | D:4      | Noticed a slave
  5861 | D:4      | Noticed a slave
  5861 | D:4      | Noticed a slave
  5861 | D:4      | Noticed a slave
  5959 | D:4      | Killed Pikel
  5959 | D:4      | Reached skill level 7 in Summonings
  5959 | D:4      | Reached XP level 7. HP: 24/36 MP: 2/19
  6222 | D:4      | Learned a level 3 spell: Call Canine Familiar
  6250 | D:5      | Entered Level 5 of the Dungeon
  6287 | D:5      | Reached skill level 8 in Summonings
  6329 | D:5      | Reached * piety under Sif Muna
  6563 | D:5      | Noticed Prince Ribbit
  6623 | D:5      | Killed Prince Ribbit
  6818 | D:5      | Noticed Menkaure
  7082 | D:5      | Killed Menkaure
  7082 | D:5      | Reached skill level 9 in Summonings
  7244 | D:5      | Reached XP level 8. HP: 41/41 MP: 21/21
  7549 | D:5      | Found a runed translucent door.
  7550 | D:5      | Noticed Crazy Yiuf
  7569 | D:5      | Killed Crazy Yiuf
  8170 | D:6      | Noticed a hippogriff
  8187 | D:6      | Killed a hippogriff
  8187 | D:6      | Reached skill level 10 in Summonings
  8322 | D:6      | Reached ** piety under Sif Muna
  8640 | D:6      | Found a bloodstained altar of Trog.
  8640 | D:6      | Found an ancient bone altar of Kikubaaqudgha.
  9007 | D:7      | Found Dehi Okou's Distillery.
  9403 | D:7      | Found the amulet of Vitality {Regen+ HP+15}
  9547 | D:7      | Found a radiant altar of Vehumet.
  9686 | D:7      | Reached XP level 9. HP: 45/45 MP: 24/24
  9970 | D:7      | Learned a level 3 spell: Summon Guardian Golem
  9975 | D:7      | Learned a level 4 spell: Summon Ice Beast
 10399 | D:8      | Reached skill level 11 in Summonings
 10426 | D:8      | Got a slimy hand axe
 10427 | D:8      | Identified the +5 hand axe "Arcanum" {antimagic, rElec MR-
                  | Dex+3 Stlth+} (You found it on level 8 of the Dungeon)
 10607 | D:8      | Noticed a troll
 10612 | D:8      | Killed a troll
 10612 | D:8      | Reached skill level 1 in Ice Magic
 10807 | D:9      | Found a basalt altar of Yredelemnul.
 11218 | D:9      | Reached skill level 10 in Spellcasting
 11308 | D:9      | Reached *** piety under Sif Muna
 11828 | D:9      | Reached skill level 5 in Dodging
 12066 | D:9      | You fall into a shaft and drop 2 floors!
 12150 | D:10     | Entered Level 10 of the Dungeon
 12175 | D:10     | Reached skill level 12 in Summonings
 12281 | D:10     | Noticed a two-headed ogre
 12290 | D:10     | Killed a two-headed ogre
 12468 | D:10     | Reached XP level 10. HP: 50/50 MP: 15/27
 12834 | D:10     | Found a staircase to the Orcish Mines.
 13546 | D:10     | Found a staircase to the Lair.
 13584 | D:11     | Noticed a seven-headed hydra
 13596 | D:11     | Noticed Gastronok
 13608 | D:11     | Killed Gastronok
 13608 | D:11     | Reached skill level 13 in Summonings
 13785 | D:11     | Found a runed translucent gate.
 13786 | D:11     | Found a runed translucent gate.
 13826 | D:11     | Reached **** piety under Sif Muna
 13918 | D:11     | Noticed a purple ugly thing
 13925 | D:11     | Killed a purple ugly thing
 14229 | D:11     | Noticed a three-headed hydra
 14243 | D:11     | Killed a three-headed hydra
 14259 | D:11     | Noticed a gargoyle
 14276 | D:11     | Killed a gargoyle
 14395 | D:11     | Identified the cursed +1 hand axe of Huel {chaos, rN+}
 14636 | D:11     | Found Opeegi's General Store.
 14649 | D:11     | Noticed a gargoyle
 14664 | D:11     | Killed a gargoyle
 14680 | D:11     | Found a runed translucent gate.
 14682 | D:11     | Noticed UristMcRaven's ghost (journeyman DECj)
 14920 | D:11     | Killed UristMcRaven's ghost
 15098 | D:11     | Killed a seven-headed hydra
 15098 | D:11     | Reached skill level 14 in Summonings
 15098 | D:11     | Reached XP level 11. HP: 54/54 MP: 14/29
 15224 | D:12     | Noticed a deep elf mage
 15243 | D:12     | Killed a deep elf mage
 15759 | D:12     | Noticed an unseen horror
 15773 | D:12     | Killed an unseen horror
 16018 | D:12     | Found a portal to a secret trove of treasure.
 16200 | D:12     | Noticed an unseen horror
 16210 | D:12     | Killed an unseen horror
 16478 | D:12     | Noticed a centaur warrior
 16489 | D:12     | Shot with an arrow by a centaur warrior

Illustrated notes

Levels and vault maps discovered:
D:1:      grunt_arrival_lava_bath, layout_rooms
D:2:      minmay_kobold_bridge, layout_basic
D:3:      layout_basic, first_ration
D:4:      minmay_chambers_of_twos, layout_gridville, minmay_temple_entry_ruins,
          serial_shops, nicolae_shop_waterfront, kennysheep_another_room,
          led_sif_book, uniq_pikel
D:5:      layout_cave_pools, uniq_crazy_yiuf_cottage, uniq_menkaure,
          uniq_prince_ribbit1
D:6:      layout_rooms, minitemple
D:7:      layout_basic, serial_shops, nicolae_shop_stone, serial_curves,
          eino_curves_01, eino_curves_03, vehumet_altar_wand_db
D:8:      layout_rooms
D:9:      layout_roguey, basic_altar
D:10:     layout_loops_ring, lair_entry_dummy, erik_orc_1
D:11:     layout_cave_pools, gammafunk_ghost_split, serial_shops, shop,
          hangedman_ranch [blue_anna_fruit_fields], uniq_gastronok
D:12:     layout_irregular_city, enter_trove_1

Skill      XL: |  1  2  3  4  5  6  7  8  9 10 11 |
---------------+----------------------------------+-----
Summonings     | 5 6 7 9 10 12 14 | 14.5
Spellcasting   | 4 5 6 7 9 11 12 13 | 13.0
Dodging        | 3 5 7 |  7.0
Ice Magic      | 1 |  1.0
Stealth        | |  2.9

Action                   |  1- 3 |  4- 6 |  7- 9 | 10-12 || total
-------------------------+-------+-------+-------+-------++-------
Melee: Staff             |       |       |       |     2 ||     2
 Cast: Summon Small Mamm |    90 |    88 |    72 |     8 ||   258
       Call Imp          |    20 |    51 |    46 |     1 ||   118
       Call Canine Famil |       |       |    40 |    26 ||    66
       Summon Ice Beast  |       |       |    43 |    83 ||   126
       Summon Guardian G |       |       |       |     2 ||     2
  Use: Scroll            |       |       |     5 |    13 ||    18
  Eat: Chunk             |     5 |     7 |    15 |    10 ||    37
       Ration            |       |     1 |     2 |       ||     3
Armor: Robe              |       |    17 |     9 |     5 ||    31
Dodge: Dodged            |    13 |    28 |    55 |    55 ||   151

Table legend:
 A = Non-vault XP
 B = Vault XP
 C = Vault XP percentage of total XP
 D = Non-vault monster count
 E = Vault monster count
 F = Vault count percentage of total count
                 A         B        C        D         E       F
            +---------+---------+-------+---------+---------+-------
      Total |    9254 |    4415 |  32.3 |     287 |      51 |  15.1
            +---------+---------+-------+---------+---------+-------
        D:1 |      40 |       0 |   0.0 |      33 |       0 |   0.0
        D:2 |      10 |       5 |  33.3 |       8 |       5 |  38.5
        D:3 |      71 |       0 |   0.0 |      26 |       0 |   0.0
        D:4 |     261 |     456 |  63.6 |      20 |      10 |  33.3
        D:5 |     491 |     237 |  32.6 |      25 |       3 |  10.7
        D:6 |     917 |       0 |   0.0 |      27 |       0 |   0.0
        D:7 |     393 |       1 |   0.3 |      25 |       1 |   3.8
        D:8 |     575 |       0 |   0.0 |      18 |       0 |   0.0
        D:9 |     896 |       0 |   0.0 |      17 |       0 |   0.0
       D:10 |    1724 |     301 |  14.9 |      24 |      17 |  41.5
       D:11 |    1467 |    3415 |  70.0 |      25 |      15 |  37.5
       D:12 |    2409 |       0 |   0.0 |      39 |       0 |   0.0
            +---------+---------+-------+---------+---------+-------
